 Dungeon Crawl Stone Soup version 0.18.1-6-gd335043 (webtiles) character file.

104 epen the Agent of Entropy (level 4, 0/35 HPs)
             Began as a Demonspawn Abyssal Knight on May 19, 2016.
             Was a Priest of Lugonu.
             Slain by a giant newt (1 damage)
             ... on level 3 of the Dungeon.
             The game lasted 00:03:12 (1876 turns).

epen the Agent of Entropy (DsAK)                    Turns: 1876, Time: 00:03:14

Health: 0/35       AC:  5    Str: 16 (18) XL:     4   Next: 52%
Magic:  7/7        EV: 11    Int: 11 (14) God:    Lugonu [***...]
Gold:   176        SH:  0    Dex: 11 (12) Spells: 0 memorised, 3 levels left

rFire  . . .     SeeInvis .     a - +1 falchion
rCold  . . .     Gourm    .     b - +0 leather armour
rNeg   . . .     Faith    .     (no shield)
rPois  .         Spirit   .     (helmet restricted)
rElec  .         Dismiss  .     i - +0 cloak
rCorr  .         Reflect  .     (no gloves)
SustAt .         Harm     .     o - +0 pair of boots
MR     .....                    (no amulet)
Stlth  +.........               (no ring)
                                (no ring)

@: mighty, not resistant to hostile enchantments, very unstealthy
A: antennae 1, claws 1
a: Depart the Abyss, Bend Space, Banish, Renounce Religion


You were on level 3 of the Dungeon.
You worshipped Lugonu.
Lugonu was most pleased with you.
You were not hungry.

You visited 1 branch of the dungeon, and saw 3 of its levels.
You visited the Abyss 1 time.

You collected 176 gold pieces.

Inventory:

Hand Weapons
 a - a +1 falchion (weapon)
Armour
 b - a +0 leather armour (worn)
 i - a +0 cloak (worn)
 o - a +0 pair of boots (worn)
Jewellery
 m - an uncursed ring of fire
Scrolls
 c - a scroll of enchant weapon {unknown}
 d - a scroll of blinking {unknown}
 f - a scroll of enchant armour {unknown}
 l - 3 scrolls of identify {unknown}
 r - a scroll of magic mapping {unknown}
 s - a scroll of noise {unknown}
Potions
 n - 2 potions of degeneration
 q - a potion of berserk rage {unknown}
Comestibles
 h - a royal jelly
 k - a slice of pizza
 p - a meat ration
 t - a bread ration


   Skills:
 + Level 3.4 Fighting
 * Level 2.5 Long Blades
 + Level 2.4 Armour
 + Level 1.2 Dodging
 * Level 4.2 Invocations


You had 3 spell levels left.
You didn't know any spells.

Dungeon Overview and Level Annotations

Branches:
Dungeon (3/15)

Altars:


Innate Abilities, Weirdness & Mutations

You have a pair of small antennae on your head.
You have sharp fingernails.


Message History

The giant cockroach waves its antennae.
The jackal bites you but does no damage.
The jackal barely misses you.
You completely miss the jackal. The jackal closely misses you. x2
The jackal bites you but does no damage.
The kobold shouts!
The jackal bites you but does no damage.
The jackal barely misses you.
Items here: ) [ ††† a leather armour; a flail; an orc corpse x2; a kobold corpse You barely miss the jackal.
The jackal barely misses you.
The jackal bites you but does no damage. x2
You slash the jackal!
You kill the jackal!
Lugonu accepts your kill.
The giant cockroach bites you but does no damage.
The jackal barely misses you.
The giant cockroach bites you but does no damage.
The giant newt bites you.
You die...

### ###### #####..
....
K.?#.###h@.#.####..###
.....K.Sl#s#.##......#
...#.###...#.##.#..#.#
# ##.##.##.#..#.##.#
#....K..........#
############.####
#...# #.### .. .# #.#


You could see an adder, a jackal, a giant cockroach, a kobold and a giant newt.

Vanquished Creatures
  3 adders
  2 oozes (D:2)
  2 worms
  A dart slug (D:2)
  8 orcs (D:3)
  3 giant cockroaches
  6 goblins
  A hobgoblin (D:2)
  4 jackals (D:3)
  A quokka (D:3)
  5 bats
  3 giant newts (D:1)
  5 kobolds
  12 rats
56 creatures vanquished.

Notes
Turn   | Place    | Note
--------------------------------------------------------------
     0 | Abyss:1  | epen the Demonspawn Abyssal Knight began the quest for the Orb.
     0 | Abyss:1  | Reached XP level 1. HP: 18/18 MP: 2/2
     9 | D:1      | Escaped the Abyss
   361 | D:1      | Gained mutation: You have a pair of small antennae on your head. [demonic ancestry]
   361 | D:1      | Reached XP level 2. HP: 24/24 MP: 4/4
   649 | D:2      | Reached skill level 1 in Dodging
   658 | D:2      | Reached skill level 3 in Invocations
   740 | D:2      | Gained mutation: You have sharp fingernails. [demonic ancestry]
   740 | D:2      | Reached XP level 3. HP: 17/29 MP: 5/5
   744 | D:2      | Reached ** piety under Lugonu
  1686 | D:3      | Reached XP level 4. HP: 31/35 MP: 6/6
  1698 | D:3      | Reached skill level 4 in Invocations
  1871 | D:3      | Reached *** piety under Lugonu
  1872 | D:3      | HP: 1/35 [jackal (1)]
  1876 | D:3      | Slain by a giant newt

Skill      XL: |  1  2  3  4 |
---------------+-------------+-----
Long Blades    | 2 |  2.5
Dodging        | 1 |  1.2
Armour         | 2 |  2.4
Invocations    | 3 4 |  4.2
Fighting       | |  3.4

Action                   |  1- 3 |  4- 6 || total
-------------------------+-------+-------++-------
Melee: Falchion          |   107 |    71 ||   178
  Use: Potion            |       |     5 ||     5
       Scroll            |       |     1 ||     1
  Eat: Bread ration      |     1 |       ||     1
Armor: Leather armour    |    50 |    55 ||   105
Dodge: Dodged            |    65 |   100 ||   165
